AoeStats
← iAlejandrouae

Arena

508699570Analyzed
4v4 RM · 8d ago on Sep 23, 2026· 53m 8s· 8 players
Game mode
Random Map
Map size
Large (8 player)
Population
200
Speed
Normal
Resources
Standard
Victory
Conquest
Starting age
Dark Age
Ending age
Imperial Age
RankedLock teamsTeams togetherTeam positionsShared explorationLock speedFull tech treeHidden civsTurbo modeCheats
Victory
Defeat
🇦🇷 Slavs · Argentina
1592
+18
🇩🇪 Inca · Germany
1565
+19
🇩🇪 Portuguese · Germany
1544
+20
🇩🇪 Hindustanis · Germany
1533
+20
🇮🇹 Britons · Italy
1687
-22
🇮🇹 Poles · Italy
1676
-21
🇮🇹 Shu · Italy
1613
-19
🇲🇽 Byzantines · Mexico
1528
-15
iAlejandrouae
8:12 Feudal Age
7:18 Loom
9:43 Fletching
20:49 Castle Age
18:51 Horse Collar
19:10 Double-Bit Axe
20:05 Stone Mining
21:28 Bodkin Arrow
23:23 Wheelbarrow
24:24 Guard Tower
28:26 Heavy Plow
29:09 Fortified Wall
29:21 Town Watch
29:55 Murder Holes
31:12 Gold Mining
32:55 Hand Cart
35:43 Bow Saw
43:08 Imperial Age
41:58 Scale Mail Armor
42:09 Forging
43:17 Detinets
43:56 Chain Mail Armor
44:16 Iron Casting
44:11 Conscription
43:33 Man-at-Arms
44:13 Squires
45:24 Two-Man Saw
45:05 Plate Mail Armor
44:07 Long Swordsman
44:55 Druzhina
44:34 Two-Handed Swordsman
46:27 Blast Furnace
45:13 Champion
47:07 Gold Shaft Mining
48:13 Hoardings
47:38 Pikeman
48:57 Halberdier
50:53 Ballistics
52:02 Masonry
Hommi
10:22 Feudal Age
14:25 Castle Age
12:29 Double-Bit Axe
13:24 Horse Collar
15:16 Gold Mining
16:56 Town Watch
16:57 Loom
23:50 Wheelbarrow
25:44 Bow Saw
28:02 Fletching
28:35 Ballistics
28:25 Heavy Plow
28:32 Bodkin Arrow
31:30 Imperial Age
30:38 Andean Sling
31:40 Gold Shaft Mining
32:28 Bracer
33:02 Padded Archer Armor
33:00 Onager
33:06 Onager
34:06 Thumb Ring
34:59 Siege Engineers
34:44 Elite Skirmisher
36:06 Padded Archer Armor
38:00 Chemistry
41:06 Forging
40:56 Scale Mail Armor
41:35 Leather Archer Armor
42:16 Pikeman
42:56 Squires
43:35 Iron Casting
43:15 Chain Mail Armor
43:31 Ring Archer Armor
43:23 Conscription
44:03 Halberdier
46:46 Plate Mail Armor
47:16 Blast Furnace
46:52 Capped Ram
48:16 Crop Rotation
47:52 Siege Ram
48:29 Champi Runner
49:53 Fabric Shields
49:27 Champi Warrior
51:08 Elite Champi Warrior
52:50 Caravan
Poggle-der-Fisch
10:09 Feudal Age
11:36 Double-Bit Axe
13:54 Castle Age
12:02 Horse Collar
15:00 Bow Saw
20:50 Wheelbarrow
20:46 Heavy Plow
22:18 Hand Cart
21:50 Loom
21:53 Town Watch
22:06 Gold Mining
22:19 Stone Mining
24:28 Stone Shaft Mining
27:53 Imperial Age
28:00 Pikeman
29:53 Chemistry
28:58 Scale Mail Armor
28:36 Halberdier
30:00 Conscription
29:59 Chain Mail Armor
29:55 Forging
30:55 Two-Man Saw
31:48 Plate Mail Armor
31:53 Iron Casting
31:29 Treadmill Crane
32:20 Arquebus
34:52 Padded Archer Armor
35:57 Blast Furnace
36:03 Siege Engineers
36:10 Masonry
38:19 Leather Archer Armor
38:49 Thumb Ring
39:26 Elite Skirmisher
40:03 Fletching
40:48 Ring Archer Armor
40:15 Fletching
41:18 Man-at-Arms
41:44 Gambesons
41:46 Arson
42:00 Bodkin Arrow
42:40 Bracer
43:05 Ballistics
43:51 Architecture
44:33 Long Swordsman
47:04 Two-Handed Swordsman
48:06 Champion
48:50 Caravan
52:46 Crop Rotation
EatEaty
9:37 Feudal Age
10:15 Feudal Age
13:52 Castle Age
12:09 Double-Bit Axe
12:21 Horse Collar
15:49 Bow Saw
16:14 Heavy Plow
18:15 Gold Mining
20:45 Sanctity
20:30 Loom
21:20 Wheelbarrow
21:46 Fervor
24:36 Hand Cart
24:06 Town Watch
27:38 Grand Trunk Road
27:34 Fletching
27:46 Scale Mail Armor
30:25 Imperial Age
28:08 Scale Barding Armor
28:13 Forging
29:32 Chain Barding Armor
30:07 Bloodlines
29:57 Husbandry
31:41 Plate Barding Armor
30:28 Heavy Camel Rider
33:09 Iron Casting
32:49 Siege Engineers
33:45 Chemistry
32:55 Masonry
35:05 Caravan
34:29 Imperial Camel Rider
35:36 Conscription
35:38 Bodkin Arrow
37:08 Hoardings
36:19 Light Cavalry
38:44 Blast Furnace
37:05 Hussar
39:24 Coinage
41:50 Gold Shaft Mining
41:05 Stone Mining
42:03 Banking
41:00 Siege Elephant
42:17 Stone Shaft Mining
42:03 Ballistics
43:37 Two-Man Saw
45:27 Padded Archer Armor
45:27 Bracer
45:49 Ballistics
48:29 Leather Archer Armor
48:16 Shatagni
47:43 Elite Ghulam
48:27 Scale Mail Armor
48:37 Squires
48:22 Arson
50:11 Chain Mail Armor
52:18 Ring Archer Armor
Dott_Berlu
10:33 Feudal Age
13:30 Double-Bit Axe
13:26 Horse Collar
16:47 Castle Age
17:48 Bow Saw
17:38 Heavy Plow
20:40 Wheelbarrow
21:20 Gold Mining
27:04 Imperial Age
24:25 Loom
24:41 Man-at-Arms
25:07 Gambesons
25:22 Squires
25:53 Long Swordsman
27:06 Scale Mail Armor
27:07 Capped Ram
28:22 Chain Mail Armor
27:49 Two-Handed Swordsman
28:49 Champion
30:00 Plate Mail Armor
30:52 Fletching
31:24 Forging
32:02 Bodkin Arrow
33:12 Iron Casting
32:37 Padded Archer Armor
33:03 Bracer
33:24 Hand Cart
32:57 Elite Skirmisher
35:33 Two-Man Saw
34:51 Leather Archer Armor
34:59 Ballistics
35:40 Chemistry
36:27 Blast Furnace
35:52 Conscription
37:48 Ring Archer Armor
39:40 Pikeman
41:13 Masonry
41:50 Gold Shaft Mining
41:05 Stone Mining
44:50 Halberdier
45:12 Crossbowman
46:13 Arbalester
49:51 Yeomen
50:12 Fortified Wall
50:33 Architecture
MrDJM
10:55 Feudal Age
11:55 Double-Bit Axe
11:50 Horse Collar
14:32 Castle Age
12:47 Horse Collar
15:25 Bow Saw
15:15 Heavy Plow
17:01 Wheelbarrow
22:20 Hand Cart
23:19 Town Watch
25:39 Forging
28:00 Imperial Age
25:27 Loom
26:02 Husbandry
26:20 Scale Barding Armor
29:26 Conscription
29:33 Chain Barding Armor
29:05 Heavy Hei Guang Cavalry
31:39 Murder Holes
31:50 Siege Engineers
31:42 Fletching
32:28 Plate Barding Armor
32:43 Bodkin Arrow
33:39 Gold Mining
34:03 Padded Archer Armor
34:25 Ballistics
34:32 Bracer
35:33 Chemistry
34:16 Crossbowman
34:23 Heavy Cavalry Archer
35:54 Thumb Ring
36:31 Leather Archer Armor
35:48 Crossbowman
35:54 Crossbowman
37:59 Ring Archer Armor
37:34 Arbalester
38:25 Bolt Magazine
38:41 Caravan
44:28 Fortified Wall
47:48 Onager
48:48 Onager
GdR_Scugo
10:05 Feudal Age
8:46 Loom
10:58 Feudal Age
11:29 Horse Collar
15:32 Castle Age
16:05 Double-Bit Axe
23:16 Fletching
33:59 Heavy Plow
35:22 Wheelbarrow
35:11 Bow Saw
36:44 Gold Mining
38:14 Hand Cart
38:11 Stone Mining
43:44 Imperial Age
41:48 Scale Barding Armor
41:54 Forging
43:08 Chain Barding Armor
43:41 Husbandry
43:51 Bloodlines
43:02 Light Cavalry
44:22 Iron Casting
44:50 Conscription
44:50 Lechitic Legacy
44:10 Cavalier
44:20 Winged Hussar
46:39 Blast Furnace
48:38 Caravan
kazumakine
10:22 Feudal Age
15:38 Castle Age
13:56 Double-Bit Axe
13:57 Horse Collar
17:02 Bow Saw
17:33 Loom
22:00 Wheelbarrow
25:26 Atonement
26:16 Forging
30:01 Imperial Age
28:28 Elite Skirmisher
28:59 Fletching
29:34 Thumb Ring
29:30 Padded Archer Armor
29:13 Crossbowman
30:15 Bodkin Arrow
31:07 Hand Cart
30:18 Arbalester
32:46 Chemistry
34:00 Ballistics
34:50 Pikeman
35:30 Squires
Connection lost

Rejoining the realm…

Still unreachable

The connection could not be restored.

Session expired

The server has moved on; the page needs a fresh start.